TOP OF THE 1ST |
Los Angeles (NYP) Angels batting - Pitching for Connecticut Tigers : LHP Pete Zamarron
|
Pitching: LHP Pete Zamarron
|
|
Batting: RHB Dan Myers
|
0-0: Swinging Strike 0-1: Called Strike 0-2: Strikes out swinging, 2-3 out at first.
|
Batting: RHB Rory Cobb
|
0-0: SINGLE (Line Drive, 34, EV 101.2 MPH)
|
Batting: RHB Sean Rocha
|
Pickoff Throw to First - Error! E1 Rory Cobb to second 0-0: Foul Ball, location: 2F 0-1: Ground out 5-3 (Groundball, 5, EV 86.2 MPH)
|
Batting: RHB Dan Burkhart
|
0-0: Foul Ball, location: 2F 0-1: Ball 1-1: Fly out, F9 (Flyball, 9, EV 90.6 MPH)
|
Top of the 1st over - 0 runs, 1 hit, 1 error, 1 left on base; Los Angeles (NYP) 0 - Connecticut 0 |
BOTTOM OF THE 1ST |
Connecticut Tigers batting - Pitching for Los Angeles (NYP) Angels : RHP Chris DePalma
|
Pitching: RHP Chris DePalma
|
|
Batting: RHB Janne Vihko
|
0-0: Swinging Strike 0-1: Foul Ball, location: 2F 0-2: Ball 1-2: Strikes out swinging
|
Batting: RHB Khalil Coleman
|
0-0: Ball 1-0: Ball 2-0: Called Strike 2-1: Ball 3-1: Ground out 4-3 (Groundball, 4M, EV 86.2 MPH)
|
Batting: RHB Jaden Warrior
|
0-0: Ball 1-0: Ball 2-0: Ball 3-0: Base on Balls
|
Batting: LHB Afanasy Zasekin
|
0-0: Ball 1-0: Ball 2-0: Called Strike 2-1: Ball 3-1: Swinging Strike 3-2: Strikes out looking
|
Bottom of the 1st over - 0 runs, 0 hits, 0 errors, 1 left on base; Los Angeles (NYP) 0 - Connecticut 0 |
TOP OF THE 2ND |
Los Angeles (NYP) Angels batting - Pitching for Connecticut Tigers : LHP Pete Zamarron
|
Batting: RHB Phil Knox
|
0-0: Called Strike 0-1: Ball 1-1: Ball 2-1: Called Strike 2-2: Strikes out swinging
|
Batting: LHB Spencer Palmer
|
0-0: Ball 1-0: Foul Ball, location: 2F 1-1: Ground out 4-3 (Groundball, 34, EV 101.2 MPH)
|
Batting: RHB Davey Verhoog
|
0-0: Ball 1-0: Foul Ball, location: 2F 1-1: SINGLE (Groundball, 56S, EV 66.9 MPH) (infield hit)
|
Batting: LHB Alberto Carrillo
|
0-0: Ball 1-0: Called Strike 1-1: Called Strike 1-2: Ground out 4-3 (Groundball, 34S, EV 88.1 MPH)
|
Top of the 2nd over - 0 runs, 1 hit, 0 errors, 1 left on base; Los Angeles (NYP) 0 - Connecticut 0 |
BOTTOM OF THE 2ND |
Connecticut Tigers batting - Pitching for Los Angeles (NYP) Angels : RHP Chris DePalma
|
Batting: RHB Jeremiah Washington
|
0-0: Called Strike 0-1: Ball 1-1: Foul Ball, location: 2F 1-2: Foul Ball, location: 2F 1-2: Strikes out swinging
|
Batting: LHB Antonio Luis
|
0-0: Ball 1-0: Foul Ball, location: 2F 1-1: Called Strike 1-2: Ball 2-2: SINGLE (Groundball, 6MD, EV 100.0 MPH)
|
Batting: RHB Yankel Pensak
|
0-0: Swinging Strike 0-1: Foul Ball, location: 2F 0-2: Strikes out swinging
|
Batting: LHB Tokugoro Adachi
|
0-0: Ball 1-0: Swinging Strike 1-1: Ball 2-1: Called Strike 2-2: Ball 3-2: Foul Ball, location: 2F 3-2: Ground out 4-3 (Groundball, 4, EV 90.6 MPH)
|
Bottom of the 2nd over - 0 runs, 1 hit, 0 errors, 1 left on base; Los Angeles (NYP) 0 - Connecticut 0 |
TOP OF THE 3RD |
Los Angeles (NYP) Angels batting - Pitching for Connecticut Tigers : LHP Pete Zamarron
|
Batting: LHB Adam Barry
|
0-0: Foul Ball, location: 2F 0-1: Ball 1-1: Swinging Strike 1-2: Strikes out looking
|
Batting: RHB Dan Myers
|
0-0: Called Strike 0-1: Swinging Strike 0-2: Ground out 5-3 (Groundball, 56, EV 87.5 MPH)
|
Batting: RHB Rory Cobb
|
0-0: Foul Ball, location: 2F 0-1: Ball 1-1: Called Strike 1-2: Ball 2-2: Foul Ball, location: 2F 2-2: Strikes out looking
|
Top of the 3rd over - 0 runs, 0 hits, 0 errors, 0 left on base; Los Angeles (NYP) 0 - Connecticut 0 |
BOTTOM OF THE 3RD |
Connecticut Tigers batting - Pitching for Los Angeles (NYP) Angels : RHP Chris DePalma
|
Batting: LHB Zach Rose
|
0-0: Ball 1-0: Called Strike 1-1: Swinging Strike 1-2: Foul Ball, location: 2F 1-2: Strikes out looking
|
Batting: RHB Janne Vihko
|
0-0: Ball 1-0: Ground out 5-3 (Groundball, 56, EV 88.8 MPH)
|
Batting: RHB Khalil Coleman
|
0-0: Ground out 6-3 (Groundball, 6, EV 96.2 MPH)
|
Bottom of the 3rd over - 0 runs, 0 hits, 0 errors, 0 left on base; Los Angeles (NYP) 0 - Connecticut 0 |
TOP OF THE 4TH |
Los Angeles (NYP) Angels batting - Pitching for Connecticut Tigers : LHP Pete Zamarron
|
Batting: RHB Sean Rocha
|
0-0: Called Strike 0-1: Ball 1-1: Ball 2-1: Ground out 6-3 (Groundball, 6S, EV 78.8 MPH)
|
Batting: RHB Dan Burkhart
|
0-0: Foul Ball, location: 2F 0-1: Foul Ball, location: 2F 0-2: Strikes out swinging
|
Batting: RHB Phil Knox
|
0-0: Ground out 1-3 (Groundball, 13S, EV 73.1 MPH)
|
Top of the 4th over - 0 runs, 0 hits, 0 errors, 0 left on base; Los Angeles (NYP) 0 - Connecticut 0 |
BOTTOM OF THE 4TH |
Connecticut Tigers batting - Pitching for Los Angeles (NYP) Angels : RHP Chris DePalma
|
Batting: RHB Jaden Warrior
|
0-0: Swinging Strike 0-1: Ball 1-1: Ball 2-1: Swinging Strike 2-2: Ball 3-2: Fly out, F8 (Flyball, 89M, EV 87.5 MPH)
|
Batting: LHB Afanasy Zasekin
|
0-0: Ball 1-0: Ball 2-0: Foul Ball, location: 2F 2-1: Ball 3-1: Called Strike 3-2: Foul Ball, location: 2F 3-2: Reached on error, E4 (Groundball, 4, EV 82.5 MPH)
|
Batting: RHB Jeremiah Washington
|
0-0: Ball 1-0: Fielders Choice at 2nd, 5-4 (Groundball, 56S, EV 80.6 MPH)
|
Batting: LHB Antonio Luis
|
0-0: Ball 1-0: Ball 2-0: Ball 3-0: Ground out 4-3 (Groundball, 34, EV 88.1 MPH)
|
Bottom of the 4th over - 0 runs, 0 hits, 1 error, 1 left on base; Los Angeles (NYP) 0 - Connecticut 0 |
TOP OF THE 5TH |
Los Angeles (NYP) Angels batting - Pitching for Connecticut Tigers : LHP Pete Zamarron
|
Batting: LHB Spencer Palmer
|
0-0: Called Strike 0-1: Ball 1-1: Ball 2-1: Ball 3-1: Ground out 1-3 (Groundball, 13S, EV 67.5 MPH)
|
Batting: RHB Davey Verhoog
|
0-0: SOLO HOME RUN (Flyball, 8RXD, EV 111.2 MPH), Distance : 450 ft
|
Batting: LHB Alberto Carrillo
|
0-0: Ball 1-0: Called Strike 1-1: Foul Ball, location: 2F 1-2: DOUBLE (Line Drive, 78M, EV 92.5 MPH)
|
Batting: LHB Adam Barry
|
0-0: Ball 1-0: Called Strike 1-1: Swinging Strike 1-2: Ball 2-2: Foul Ball, location: 2F 2-2: Strikes out swinging
|
Batting: RHB Dan Myers
|
0-0: Foul Ball, location: 2F 0-1: Called Strike 0-2: Strikes out swinging
|
Top of the 5th over - 1 run, 2 hits, 0 errors, 1 left on base; Los Angeles (NYP) 1 - Connecticut 0 |
BOTTOM OF THE 5TH |
Connecticut Tigers batting - Pitching for Los Angeles (NYP) Angels : RHP Chris DePalma
|
Batting: RHB Yankel Pensak
|
0-0: Called Strike 0-1: SINGLE (Groundball, 56, EV 106.2 MPH) (infield hit)
|
Batting: LHB Tokugoro Adachi
|
0-0: Ground out 5-3 (Groundball, 56S, EV 76.2 MPH) Yankel Pensak to second
|
Batting: LHB Zach Rose
|
0-0: Ball 1-0: Called Strike 1-1: Ball 2-1: Foul Ball, location: 2F 2-2: Strikes out swinging
|
Batting: RHB Janne Vihko
|
0-0: Called Strike 0-1: SINGLE (Groundball, 6, EV 95.0 MPH) Yankel Pensak to third Runner from 3rd tries for Home, SAFE, throw by LF to home Janne Vihko to second
|
Batting: RHB Khalil Coleman
|
0-0: Ball 1-0: Ball 2-0: Called Strike 2-1: Ball 3-1: Base on Balls
|
Batting: RHB Jaden Warrior
|
0-0: SINGLE (Groundball, 4MD, EV 106.9 MPH) Janne Vihko to third Khalil Coleman to second Runner from 3rd tries for Home, SAFE, throw by CF to home
|
Batting: LHB Afanasy Zasekin
|
0-0: Called Strike 0-1: Swinging Strike 0-2: Hit by Pitch Khalil Coleman to third Jaden Warrior to second
|
Pitching: LHP Paul Griffin
|
|
Batting: RHB Jeremiah Washington
|
0-0: Called Strike 0-1: Foul Ball, location: 2F 0-2: Ball 1-2: Ball 2-2: Foul Ball, location: 2F 2-2: Ball 3-2: Strikes out swinging
|
Bottom of the 5th over - 2 runs, 3 hits, 0 errors, 3 left on base; Los Angeles (NYP) 1 - Connecticut 2 |
TOP OF THE 6TH |
Los Angeles (NYP) Angels batting - Pitching for Connecticut Tigers : LHP Pete Zamarron
|
Batting: RHB Rory Cobb
|
0-0: Ball 1-0: Ground out 6-3 (Groundball, 6, EV 105.0 MPH)
|
Batting: RHB Sean Rocha
|
0-0: Called Strike 0-1: Called Strike 0-2: Ball 1-2: Strikes out swinging
|
Batting: RHB Dan Burkhart
|
0-0: Fly out, F5 (Popup, 5SF, EV 83.1 MPH)
|
Top of the 6th over - 0 runs, 0 hits, 0 errors, 0 left on base; Los Angeles (NYP) 1 - Connecticut 2 |
BOTTOM OF THE 6TH |
Connecticut Tigers batting - Pitching for Los Angeles (NYP) Angels : LHP Paul Griffin
|
Batting: LHB Antonio Luis
|
0-0: Called Strike 0-1: Foul Ball, location: 2F 0-2: Ball 1-2: Ball 2-2: Strikes out swinging
|
Batting: RHB Yankel Pensak
|
0-0: Ball 1-0: Called Strike 1-1: Swinging Strike 1-2: Ball 2-2: Ball 3-2: Foul Ball, location: 2F 3-2: Foul Ball, location: 2F 3-2: Strikes out looking
|
Batting: LHB Tokugoro Adachi
|
0-0: Ball 1-0: Ball 2-0: DOUBLE (Flyball, 8LXD, EV 101.9 MPH)
|
Batting: LHB Zach Rose
|
0-0: Called Strike 0-1: Foul Ball, location: 2F 0-2: Ball 1-2: Foul Ball, location: 2F 1-2: Ball 2-2: Ball 3-2: Foul Ball, location: 2F 3-2: Foul Ball, location: 2F 3-2: Ground out 4-3 (Groundball, 4, EV 87.5 MPH)
|
Bottom of the 6th over - 0 runs, 1 hit, 0 errors, 1 left on base; Los Angeles (NYP) 1 - Connecticut 2 |
TOP OF THE 7TH |
Los Angeles (NYP) Angels batting - Pitching for Connecticut Tigers : LHP Pete Zamarron
|
Batting: RHB Phil Knox
|
0-0: Swinging Strike 0-1: Ball 1-1: Ground out 4-3 (Groundball, 34, EV 81.2 MPH)
|
Batting: LHB Spencer Palmer
|
0-0: Ball 1-0: Ball 2-0: Called Strike 2-1: Ball 3-1: Foul Ball, location: 2F 3-2: Base on Balls
|
Batting: RHB Davey Verhoog
|
0-0: Ball 1-0: Ground out 5-3 (Groundball, 56S, EV 81.2 MPH) Spencer Palmer to second
|
Pinch Hitting: SHB Danny Gelinas
|
0-0: Ball 1-0: Called Strike 1-1: SINGLE (Line Drive, 78S, EV 110.6 MPH) Spencer Palmer to third Runner from 3rd tries for Home, SAFE, throw by LF to home
|
Batting: LHB Adam Barry
|
0-0: Ground out 4-3 (Groundball, 13, EV 80.6 MPH)
|
Top of the 7th over - 1 run, 1 hit, 0 errors, 1 left on base; Los Angeles (NYP) 2 - Connecticut 2 |
BOTTOM OF THE 7TH |
Connecticut Tigers batting - Pitching for Los Angeles (NYP) Angels : LHP Paul Griffin
|
Pitching: RHP Jamie Snyder
|
|
Now at 3B: Danny Gelinas
|
|
Now in RF: Rory Cobb
|
|
Batting: RHB Janne Vihko
|
0-0: Ball 1-0: Called Strike 1-1: Ground out 6-3 (Groundball, 6, EV 85.6 MPH)
|
Batting: RHB Khalil Coleman
|
0-0: Ball 1-0: Foul Ball, location: 2F 1-1: Foul Ball, location: 2F 1-2: SINGLE (Line Drive, 4M, EV 111.2 MPH)
|
Batting: RHB Jaden Warrior
|
0-0: Ball 1-0: Ball 2-0: Called Strike 2-1: Ground out 6-3 (Groundball, 6MD, EV 108.1 MPH) Khalil Coleman to second
|
Batting: LHB Afanasy Zasekin
|
0-0: Ball 1-0: Called Strike 1-1: Foul Ball, location: 2F 1-2: Ball 2-2: DOUBLE (Line Drive, 9LM, EV 108.8 MPH) Khalil Coleman scores
|
Batting: RHB Jeremiah Washington
|
0-0: Foul Ball, location: 2F 0-1: Ball 1-1: Fly out, F7 (Flyball, 7D, EV 103.1 MPH)
|
Bottom of the 7th over - 1 run, 2 hits, 0 errors, 1 left on base; Los Angeles (NYP) 2 - Connecticut 3 |
TOP OF THE 8TH |
Los Angeles (NYP) Angels batting - Pitching for Connecticut Tigers : LHP Pete Zamarron
|
Pitching: LHP Victor Villarreal
|
|
Now at 1B: Tony Nunez
|
|
Batting: RHB Dan Myers
|
0-0: Ball 1-0: Called Strike 1-1: Swinging Strike 1-2: Strikes out looking
|
Batting: RHB Rory Cobb
|
0-0: Ball 1-0: SINGLE (Flyball, 5D, EV 90.6 MPH)
|
Batting: RHB Sean Rocha
|
0-0: Foul Ball, location: 2F Balk! Rory Cobb to second 0-1: Foul Ball, location: 2F 0-2: Strikes out swinging
|
Batting: RHB Dan Burkhart
|
0-0: Called Strike 0-1: Foul Ball, location: 2F 0-2: Ball 1-2: Strikes out swinging
|
Top of the 8th over - 0 runs, 1 hit, 0 errors, 1 left on base; Los Angeles (NYP) 2 - Connecticut 3 |
BOTTOM OF THE 8TH |
Connecticut Tigers batting - Pitching for Los Angeles (NYP) Angels : RHP Jamie Snyder
|
Batting: LHB Antonio Luis
|
0-0: Called Strike 0-1: DOUBLE (Line Drive, 78D, EV 103.1 MPH)
|
Batting: RHB Yankel Pensak
|
0-0: Foul Ball, location: 2F 0-1: Ball 1-1: Ball 2-1: Ball 3-1: Base on Balls
|
Pitching: RHP Simon Vogel
|
|
Batting: LHB Tokugoro Adachi
|
0-0: Fly out, F8 (Flyball, 8RXD, EV 106.9 MPH) Runner from 2nd tags up, SAFE at 3rd, no throw by CF
|
Batting: LHB Zach Rose
|
0-0: Called Strike 0-1: Fly out, F9 (Flyball, 89D, EV 83.8 MPH) Runner from 3rd tags up, OUT at HOME! 9-2
|
Bottom of the 8th over - 0 runs, 1 hit, 0 errors, 1 left on base; Los Angeles (NYP) 2 - Connecticut 3 |
TOP OF THE 9TH |
Los Angeles (NYP) Angels batting - Pitching for Connecticut Tigers : LHP Victor Villarreal
|
Batting: RHB Phil Knox
|
0-0: Ball 1-0: Fly out, F7 (Flyball, 7S, EV 91.2 MPH)
|
Batting: LHB Spencer Palmer
|
0-0: Swinging Strike 0-1: Foul Ball, location: 2F 0-2: Strikes out looking
|
Batting: RHB Davey Verhoog
|
0-0: DOUBLE (Line Drive, 8LXD, EV 108.1 MPH)
|
Batting: SHB Danny Gelinas
|
0-0: Ball 1-0: Ball 2-0: Swinging Strike 2-1: Called Strike 2-2: Strikes out looking
|
Top of the 9th over - 0 runs, 1 hit, 0 errors, 1 left on base; Los Angeles (NYP) 2 - Connecticut 3 |
|